Nettle, neutral female gnomish Healer
                                                                               
                                                                               
                                                                               
   --------                                                                    
   |.......                                                                    
   |......|                                                                    
   |<.....|  #                                                                 
   |.......######                                                              
   ----+---    #                                                               
               ###                                                             
                 #                                                             
                 ###                                                           
                   #                                                           
                   #@#                                                         
                   #dZ  .                                                      
                                                                               
                                                                               
                        .                                                      
                                                                               
                                                                               
                                                                               
Nettle the Rhizotomist
  Experience level: 1
  Strength: 9
  Dexterity: 9
  Constitution: 18
  Intelligence: 9
  Wisdom: 16
  Charisma: 16
  Health: 0(12)
  Energy: 8(8)
  Def: 2
  Gold: 1685
  Moves: 2180

Dungeon seed: gKDSlH1Ilq_p-Yep
Game ID: Nettle_1743034780

Your Inventory:
  Coins
  $ - 1685 gold pieces
  Amulets
  H - a blessed amulet of unchanging
  Weapons
  a - a +0 scalpel
  F - a +0 orcish dagger
  I - a +0 elven dagger (weapon in hand)
  Armor
  e - an uncursed +1 pair of leather gloves (being worn)
  n - a cursed -1 pair of gauntlets of fumbling named cursed
  q - a blessed +1 orcish helm
  y - an uncursed +0 orcish helm
  Comestibles
  k - 6 uncursed apples
  m - 4 uncursed tripe rations
  p - 8 uncursed food rations
  v - an uncursed candy bar
  w - an uncursed melon
  Spellbooks
  h - a blessed spellbook of healing
  i - a blessed spellbook of extra healing
  j - a blessed spellbook of stone to flesh
  Potions
  c - 4 uncursed potions of healing
  d - 2 blessed potions of extra healing
  f - 2 uncursed potions of extra healing
  r - 2 uncursed potions of fruit juice
  s - an uncursed potion of water
  A - an uncursed potion of booze
  B - a blessed potion of fruit juice
  G - an uncursed potion of monster detection
  Wands
  g - a wand of sleep (0:4)
  l - a wand of probing (0:5)
  Tools
  b - an uncursed stethoscope

Spells and supernatural/magical abilities:
  Name               Level Category Fail Memory
  h - healing            1     healing  0%   90%   
  x - extra healing      3     healing  54%  90%   
  S - stone to flesh     3     healing  64%  90%   
  W - pray for help      --    divine   ?    --    

Your skills at the end:
  Fighting Skills
  Weapon Skills
   knife          [Basic]
  Spellcasting Skills
   healing spells [Basic]

Final Attributes:
  You were fervently aligned.
  You were poison resistant. 
  You had infravision.       
  You are dead.              

Vanquished creatures:
  a shrieker              
  6 jackals               
  a fox                   
  2 kobolds               
  4 goblins               
  a sewer rat             
  3 grid bugs             
  2 lichens               
  a kobold zombie         
  3 newts                 
                          
  24 creatures vanquished.

Voluntary challenges:
  You had been an atheist until turn 1917.                 
  You used a wielded weapon 4 times, starting on turn 1216.
  You were illiterate.                                     
  You never genocided any monsters.                        
  You never polymorphed an object.                         
  You never changed form.                                  
  You used no wishes.                                      
  You never split a pudding.                               
  You never wrote Elbereth's name.                         
  You never violated your personal moral code.             

Dungeon overview:
                                      
  The Dungeons of Doom: levels 1 to 4
  Level 1                             
        a long staircase              
  Level 2                             
        a delicatessen, some fountains
  Level 3                             
        stairs to The Gnomish Mines   
  Level 4                             
        some fountains                
                                      
  The Gnomish Mines: levels 4 to 6
  Level 4                             
        stairs to The Dungeons of Doom
  Level 5                             
  Level 6 <- You were here            

History has recorded:
  On T:1 you entered the Dungeons of Doom to retrieve the Amulet of Yendor!
  On T:411 you reached level 2 of The Dungeons of Doom.                    
  On T:1376 you reached level 3 of The Dungeons of Doom.                   
  On T:1417 you reached level 4 of The Dungeons of Doom.                   
  On T:2029 you reached level 1 of The Gnomish Mines.                      
  On T:2099 you reached level 2 of The Gnomish Mines.                      
  On T:2153 you reached level 3 of The Gnomish Mines.                      

Score breakdown:
  Gold:                    79                    ( 6473 points)
  Experience:               1 level              (    0 points)
  Exploration:              6 levels   ( 12.00%) ( 9583 points)
  Discoveries:              0 items    (  0.00%) (    0 points)
  Valuables value: (no points given unless you survive)        
  Artifact value:           0                    (    0 points)
  Variety of kills:        10 monsters (  2.62%) ( 4860 points)
  Turncount:             2180 turns              ( -128 points)
  Survival:              died  (score multiplied by  80%)      
                                                               
  Total score:                                    16630        

Latest messages:
  Haichi picks up a gem.
  You displace Haichi.
  Haichi drops a gem.
  You see here a green gem.
  You fall down the stairs.
  You displace Haichi.
  You see here a black gem.
  You displace Haichi.
  You fall down the stairs.
  Haichi blocks your way.
  You displace Haichi.
  You hear a door open.
  You stop.  Haichi is in the way!
  You hear a door open.
  You hear someone cursing shoplifters.
  You hear a door open.
  You displace Haichi.
  You hear a door open. (2x)
  You hit the dwarf zombie.
  The dwarf zombie hits!
  You hit the dwarf zombie.
  Haichi bites the dwarf zombie.
  The dwarf zombie misses Haichi.
  The dwarf zombie hits!
  You die...
  <Do you want your possessions identified? [ynq]: y>
  <Do you want to see your attributes? [ynq]: q>
  <Untitled menu: no selections>
  <Spells and supernatural/magical abilities:: (none selected)>
  <Dungeon overview:: (none selected)>

Final status:
  Goodbye Nettle the Healer, killed by a dwarf zombie...             
                                                                     
  You died in The Gnomish Mines on dungeon level 6 with 16630 points,
  and 1685 pieces of gold, after 2180 moves.                         
  You were level 1 with a maximum of 12 hit points when you died.